 Dungeon Crawl Stone Soup version 0.22-a0-443-g17c3723 (webtiles) character file.

726 galech the Skirmisher (level 7, -6/76 HPs)
             Began as an Ogre Berserker on June 1, 2018.
             Was a Priest of Trog.
             Killed by divine providence
             ... invoked by an orc priest
              (14 damage)
             ... on level 5 of the Dungeon.
             The game lasted 00:10:16 (4494 turns).

galech the Skirmisher (Ogre Berserker)              Turns: 4494, Time: 00:10:17

Health: -6/76      AC:  3    Str: 23    XL:     7   Next: 72%
Magic:  7/7        EV: 11    Int:  8    God:    Trog [***...]
Gold:   309        SH:  0    Dex:  9    Spells: 6/6 levels left

rFire    . . .     SeeInvis .   a - +0 mace
rCold    . . .     Gourm    +   (no shield)
rNeg     . . .     Faith    .   b - +0 animal skin
rPois    +         Spirit   .   (helmet restricted)
rElec    .         Reflect  .   (no cloak)
rCorr    .         Harm     .   (gloves unavailable)
MR       .....                  (boots unavailable)
Stlth    +.........             f - amulet of the gourmand
HPRegen  0.22/turn              l - ring of poison resistance
MPRegen  0.10/turn              s - ring of flight

@: berserk cooldown, slowed, very slow
A: large, unfitting armour, tough skin 1
a: Berserk, Trog's Hand, Renounce Religion, Evoke Flight


You were on level 5 of the Dungeon.
You worshipped Trog.
Trog was most pleased with you.
You were very full.

You visited 1 branch of the dungeon, and saw 5 of its levels.

You collected 309 gold pieces.

Inventory:

Hand Weapons
 a - a +0 mace (weapon)
Armour
 b - a +0 animal skin (worn)
Jewellery
 f - an amulet of the gourmand (around neck)
 l - a ring of poison resistance (left hand)
 s - a ring of flight (right hand)
Wands
 r - a wand of clouds (3)
Scrolls
 d - 7 scrolls of remove curse {unknown}
 e - 3 scrolls of teleportation {unknown}
 g - a scroll of blinking {unknown}
 h - 8 scrolls of identify {unknown}
 i - 2 scrolls of fog {unknown}
 j - 2 scrolls of random uselessness {unknown}
 k - 2 scrolls of immolation {unknown}
 o - a scroll of enchant weapon {unknown}
 q - a scroll of noise {unknown}
 v - a scroll of fear {unknown}
Potions
 m - a potion of mutation {unknown}
 n - a potion of brilliance {unknown}
 p - a potion of flight {unknown}
 u - 2 potions of curing {unknown}
Comestibles
 c - 7 rations
 t - 6 chunks of flesh


   Skills:
 + Level 6.3 Fighting
 + Level 6.1 Maces & Flails
 + Level 4.3 Dodging
 + Level 1.1 Stealth


You had 6 spell levels left.
You didn't know any spells.
Your spell library was empty.

Dungeon Overview and Level Annotations

Branches:
Dungeon (5/15)             Temple (0/1) D:4

Altars:
Dithmenos
Kikubaaqudgha
Qazlal
Xom


Innate Abilities, Weirdness & Mutations

You are too large for most types of armour.
You have tough skin. (AC +1)


Message History

You barely miss the crimson imp.
The crimson imp shouts, "Back with thee, thou artless elf-skinned flap-bat!"
The crimson imp hits you.
* * * LOW HITPOINT WARNING * * *
The orc wizard gestures wildly while chanting.
The orc wizard seems to speed up.
The crimson imp blinks!
The orc priest invokes the aid of Beogh against you.
Beogh smites you!
* * * LOW HITPOINT WARNING * * *
The orc wizard casts a spell.
The orc wizard blinks!
The orc wizard casts a spell.
The orc wizard blinks!
The crimson imp completely misses you.
An orc comes into view. It is wielding a trident.
The crimson imp hits you.
* * * LOW HITPOINT WARNING * * *
You closely miss the crimson imp. The crimson imp barely misses you.
The orc priest mumbles some strange prayers to Beogh against you.
Beogh smites you!
You die...

[ .. ##### .. ##...# ..
##..#.# .####)._..##
.##.....#..##### ####
.##........#...#####....##
...†.....+.'..†5@o.o.oo...
.#.......###...#####.#.§..
.#.......# #...# # .
.#.....).# #...#
.#.......# #...#
##.......# #...# #.#######
#.... #.# ####.. ##.# .#.


You could see an orc priest, a crimson imp and 3 orcs.

Vanquished Creatures
  The ghost of Gorglomux the Chopper, an amateur GrFi (D:3)
  An ogre (D:4)
  A scorpion (D:4)
  A hound (D:5)
  2 orc priests (D:4)
  An orc wizard (D:4)
  6 worker ants
  A hound skeleton (D:4)
  2 howler monkey zombies (D:5)
  5 gnolls
  4 adders
  3 worms
  5 leopard geckos
  8 orcs
  5 giant cockroaches
  12 goblins
  6 hobgoblins
  3 jackals
  2 quokkas
  A ball python (D:2)
  14 bats
  8 frilled lizards
  4 kobolds
  A leopard gecko skeleton (D:4)
  8 rats
105 creatures vanquished.

Notes
Turn   | Place    | Note
-------+----------+-------------------------------------------
     0 | D:1      | galech the Ogre Berserker began the quest for the Orb.
     0 | D:1      | Reached XP level 1. HP: 24/24 MP: 1/1
    97 | D:1      | Reached XP level 2. HP: 28/32 MP: 2/2
   153 | D:1      | Reached XP level 3. HP: 31/40 MP: 3/3
   384 | D:1      | Reached ** piety under Trog
  1097 | D:2      | Reached XP level 4. HP: 46/49 MP: 4/4
  1213 | D:3      | Noticed Gorglomux's ghost (amateur GrFi)
  1227 | D:3      | Killed Gorglomux's ghost
  1227 | D:3      | Reached skill level 5 in Fighting
  1227 | D:3      | Reached XP level 5. HP: 57/57 MP: 5/5
  1242 | D:3      | Found a shadowy altar of Dithmenos.
  2396 | D:4      | Reached *** piety under Trog
  2401 | D:4      | Reached XP level 6. HP: 42/66 MP: 6/6
  2611 | D:4      | Reached skill level 5 in Maces & Flails
  2614 | D:4      | Found a staircase to the Ecumenical Temple.
  3025 | D:4      | Reached XP level 7. HP: 13/74 MP: 7/7
  4032 | D:4      | Found a stormy altar of Qazlal.
  4077 | D:4      | Reached skill level 1 in Stealth
  4303 | D:5      | Entered Level 5 of the Dungeon
  4348 | D:5      | Found an ancient bone altar of Kikubaaqudgha.
  4423 | D:5      | Found a shimmering altar of Xom.
  4494 | D:5      | Killed from afar by an orc priest

Vault maps used:
D:1:      evilmike_arrival_plus, minmay_split_cup_large
D:3:      serial_bayou_pond_e, nicolae_dithmenos_shadow_blocks
D:4:      temple_fountains, first_ration, nicolae_qazlal_general_emergency
D:5:      kennysheep_mini, hangedman_feature_mirror

Skill      XL: |  1  2  3  4  5  6  7 |
---------------+----------------------+-----
Maces & Flails | 3 4 5 6 |  6.1
Dodging        | 3 4 |  4.3
Fighting       | 5 6 |  6.3
Stealth        | 1 |  1.1

Action                   |  1- 3 |  4- 6 |  7- 9 || total
-------------------------+-------+-------+-------++-------
Melee: Mace              |   128 |   172 |   109 ||   409
Invok: Berserk           |     1 |     2 |     1 ||     4
       Trog's Hand       |       |     2 |       ||     2
 Stab: Sleeping          |       |       |     1 ||     1
  Eat: Chunk             |     2 |    20 |     4 ||    26
Armor: Animal skin       |    52 |    47 |    17 ||   116
Dodge: Dodged            |    95 |   120 |    45 ||   260

Table legend:
 A = Spawn XP
 B = Non-spawn XP
 C = Spawn XP percentage of total XP
 D = Spawn monster count
 E = Non-spawn monster count
 F = Spawn count percentage of total count
 G = Total turns spent on level
                    A         B        C        D         E        F      G
               +---------+---------+-------+---------+---------+-------+---------
         Total |       0 |    1038 |   0.0 |       0 |     105 |   0.0 |  4494
               +---------+---------+-------+---------+---------+-------+---------
           D:1 |       0 |      69 |   0.0 |       0 |      36 |   0.0 |   860
           D:2 |       0 |      15 |   0.0 |       0 |       9 |   0.0 |   330
           D:3 |       0 |     215 |   0.0 |       0 |      20 |   0.0 |  1158
           D:4 |       0 |     527 |   0.0 |       0 |      27 |   0.0 |  1955
           D:5 |       0 |     212 |   0.0 |       0 |      13 |   0.0 |   191
               +---------+---------+-------+---------+---------+-------+---------
